 Dungeon Crawl Stone Soup version 0.25-a0-294-gea9b1ad378 (webtiles) character file.

Game seed: 18102940085651287255, levelgen mode: classic

575 Borgoz the Covered (level 7, 0/44 HPs)
             Began as a Gargoyle Berserker on Dec 17, 2019.
             Was a Priest of Trog.
             Slain by an ogre
             ... wielding a +0 giant club
              (14 damage)
             ... on level 5 of the Dungeon.
             The game lasted 00:05:07 (3097 turns).

Borgoz the Covered (Gargoyle Berserker)             Turns: 3097, Time: 00:05:08

Health: 0/44       AC: 14    Str: 21    XL:     7   Next: 35%
Magic:  7/7        EV: 17    Int:  7    God:    Trog [***...]
Gold:   252        SH:  0    Dex: 16    Spells: 6/6 levels left

rFire    . . .     SeeInvis .   a - +0 mace
rCold    + . .     Gourm    .   (no shield)
rNeg     + . .     Faith    .   e - +0 ring mail
rPois    ∞         Spirit   .   k - +2 helmet
rElec    +         Reflect  .   (no cloak)
rCorr    .         Harm     .   (no gloves)
MR       .....                  (no boots)
Stlth    ++........             d - amulet of regeneration
HPRegen  0.54/turn              m - ring of protection from cold
MPRegen  0.10/turn              (no ring)

@: agile
A: negative energy resistance 1, electricity resistance, unbreathing,
petrification resistance, rot immunity, AC +4
a: Berserk, Trog's Hand, Renounce Religion


You were on level 5 of the Dungeon.
You worshipped Trog.
Trog was most pleased with you.
You were hungry.

You visited 2 branches of the dungeon, and saw 6 of its levels.

You collected 252 gold pieces.

Inventory:

Hand Weapons
 a - a +0 mace (weapon)
Armour
 e - a +0 ring mail (worn)
 k - a +2 helmet (worn)
Jewellery
 d - an amulet of regeneration (around neck)
 m - a ring of protection from cold (left hand)
Wands
 b - a wand of flame (12)
Scrolls
 g - a scroll of enchant weapon {unknown}
 j - a scroll of remove curse {unknown}
 p - 3 scrolls of identify {unknown}
 q - 2 scrolls of teleportation {unknown}
Potions
 h - 4 potions of haste {unknown}
 i - a potion of resistance {unknown}
 l - 3 potions of curing {unknown}
 n - a potion of lignification {unknown}
 o - a potion of mutation {unknown}
 r - 2 potions of degeneration {unknown}
 t - a potion of ambrosia {unknown}
 u - a potion of heal wounds {unknown}
Comestibles
 c - 10 rations
 f - 3 chunks of flesh


   Skills:
 + Level 4.6 Fighting
 * Level 5.2 Maces & Flails
 * Level 5.3 Armour
 + Level 3.0 Dodging


You had 6 spell levels left.
You didn't know any spells.
Your spell library was empty.

Dungeon Overview and Level Annotations

Branches:
Dungeon (5/15)             Temple (1/1) D:5

Altars:
Ashenzari
Cheibriados
Elyvilon
Fedhas
Hepliaklqana
Kikubaaqudgha
Qazlal
Ru
Sif Muna
Uskayaw
Vehumet
Wu Jian
Yredelemnul
The Shining One


Innate Abilities, Weirdness & Mutations

You are resistant to torment.
Your stone body is resilient. (AC +4)
You are immune to poison.
You resist negative energy. (rN+)
You are resistant to electric shocks. (rElec)
You can survive without breathing.
You are immune to petrification.
You are immune to rotting.


Message History

Okay, then.
You feel agile all of a sudden. The ogre closely misses you.
You sock the ogre!
The ogre is heavily wounded.
The ogre misses you.
You hit the ogre but do no damage.
The ogre is heavily wounded.
The ogre barely misses you.
You thump the ogre!
The ogre is severely wounded.
The ogre hits you with a +0 giant club!
* * * LOW HITPOINT WARNING * * *
Your ring mail prevents you from hitting the ogre.
The ogre is severely wounded.
The ogre closely misses you.
You barely miss the ogre.
The ogre is severely wounded.
The ogre hits you with a +0 giant club!
You die... ##..# .... #...## ..?.## .# ....# ... o{o

#.# #O# #.# #@# #.##
#.# #########..##
##'## #.[.........#
##...###.#####......
##.....##.# ##.8.8.8
#.......#.# ##...⌠.⌠.
#..........###...8.>.8
+...............).⌠.⌠.
#................8.8.8


You could see an ogre and 2 orcs.

Vanquished Creatures
  A phantom (D:4)
  A scorpion (D:4)
  A howler monkey (D:4)
  A hound (D:5)
  2 orc wizards
  An iguana (D:4)
  A worker ant (D:5)
  Robin (D:1)
  4 gnolls (D:4)
  7 adders
  A howler monkey skeleton (D:5)
  3 worms
  A dart slug (D:2)
  A leopard gecko (D:1)
  18 orcs (D:3)
  A ball python (D:4)
  3 bats
  5 giant cockroaches
  9 hobgoblins
  6 jackals
  5 kobolds
  2 quokkas
  8 frilled lizards
  14 goblins
  5 rats
102 creatures vanquished.

Vanquished Creatures (others)
  An orc wizard (D:5)
1 creature vanquished.

Grand Total: 103 creatures vanquished

Notes
Turn   | Place    | Note
-------+----------+-------------------------------------------
     0 | D:1      | Borgoz the Gargoyle Berserker began the quest for the Orb.
     0 | D:1      | Reached XP level 1. HP: 14/14 MP: 1/1
   273 | D:1      | Reached XP level 2. HP: 15/19 MP: 2/2
   689 | D:1      | Reached XP level 3. HP: 23/23 MP: 3/3
   842 | D:2      | Reached ** piety under Trog
  1139 | D:2      | Noticed Robin
  1211 | D:1      | Killed Robin
  1256 | D:2      | Reached XP level 4. HP: 29/29 MP: 4/4
  1542 | D:3      | Found a stormy altar of Qazlal.
  1548 | D:3      | Found a basalt altar of Yredelemnul.
  1554 | D:3      | Found a blossoming altar of Fedhas.
  1556 | D:3      | Found a hazy altar of Hepliaklqana.
  1557 | D:3      | Found a white marble altar of Elyvilon.
  1704 | D:3      | Reached XP level 5. HP: 28/33 MP: 5/5
  1773 | D:3      | Reached *** piety under Trog
  2138 | D:4      | Noticed a phantom
  2165 | D:4      | Reached XP level 6. HP: 32/38 MP: 6/6
  2168 | D:4      | Killed a phantom
  2484 | D:4      | Reached XP level 7. HP: 44/44 MP: 7/7
  2840 | D:4      | Reached skill level 5 in Maces & Flails
  2840 | D:4      | Reached skill level 5 in Armour
  2870 | D:5      | Entered Level 5 of the Dungeon
  2955 | D:5      | Found a staircase to the Ecumenical Temple.
  2964 | Temple   | Entered the Ecumenical Temple
  3097 | D:5      | Slain by an ogre

Levels and vault maps discovered:
D:1:      saegor_arrival_simple_a, layout_rooms
D:2:      layout_basic, uniq_robin
D:3:      layout_basic, grunt_temple_overflow_open
D:4:      layout_basic
D:5:      layout_loops_corners, minmay_temple_entry_statues_fountains,
          first_ration
Temple:   dpeg_three_leaves_temple

Skill      XL: |  1  2  3  4  5  6  7 |
---------------+----------------------+-----
Armour         | 3 4 5 |  5.3
Dodging        | 2 3 |  3.0
Maces & Flails | 4 5 |  5.2
Fighting       | 4 |  4.6

Action                   |  1- 3 |  4- 6 |  7- 9 || total
-------------------------+-------+-------+-------++-------
Melee: Mace              |   120 |   281 |    73 ||   474
Invok: Berserk           |     2 |     3 |       ||     5
  Use: Potion            |       |       |     1 ||     1
  Eat: Chunk             |     3 |     7 |     2 ||    12
Armor: Animal skin       |    45 |       |       ||    45
       Ring mail         |     8 |   181 |    36 ||   225
Dodge: Dodged            |   101 |   241 |    51 ||   393

Table legend:
 A = Non-vault XP
 B = Vault XP
 C = Vault XP percentage of total XP
 D = Non-vault monster count
 E = Vault monster count
 F = Vault count percentage of total count
                 A         B        C        D         E       F
            +---------+---------+-------+---------+---------+-------
      Total |     791 |      31 |   3.8 |      94 |       9 |   8.7
            +---------+---------+-------+---------+---------+-------
        D:1 |      35 |      15 |  30.0 |      19 |       1 |   5.0
        D:2 |      47 |      16 |  25.4 |      18 |       8 |  30.8
        D:3 |     184 |       0 |   0.0 |      36 |       0 |   0.0
        D:4 |     359 |       0 |   0.0 |      15 |       0 |   0.0
        D:5 |     166 |       0 |   0.0 |       6 |       0 |   0.0
            +---------+---------+-------+---------+---------+-------
